 Dungeon Crawl Stone Soup version 0.29.0-11-gd7f09526c8 (webtiles) character file.

Game seed: 5044103034759729407

33 greasedhog the Cutter (level 3, -1/22 HPs)
             Began as a Vampire Abyssal Knight on Sept 2, 2022.
             Was a Priest of Lugonu.
             Slain by a gnoll
             ... wielding a +0 spear
              (4 damage)
             ... on level 2 of the Dungeon.
             The game lasted 00:01:20 (1205 turns).

greasedhog the Cutter (Vampire Abyssal Knight)      Turns: 1205, Time: 00:01:21

Health: -1/22      AC:  3    Str: 18    XL:     3   Next: 12%
Magic:  4/4        EV: 12    Int: 12    God:    Lugonu [***...]
Gold:   85         SH:  0    Dex: 16    Spells: 2/2 levels left

rFire   . . .      SeeInvis +   a - +1 short sword
rCold   + + .      Faith    .   (no shield)
rNeg    + + +      Spirit   .   b - +0 leather armour
rPois   ∞          Reflect  .   (no helmet)
rElec   .          Harm     .   (no cloak)
rCorr   .          Rampage  .   (no gloves)
Will    .....                   (no boots)
Stlth   ++++......              (no amulet)
HPRegen 0.00/turn               f - +6 ring of strength
MPRegen 0.09/turn               (no ring)

@: bloodless, inhibited regen
A: bloodless, fangs 3, see invisible, vampiric 2
a: Bat Form, Revivify, Renounce Religion, Depart the Abyss, Bend Space, Banish


You were on level 2 of the Dungeon.
You worshipped Lugonu.
Lugonu was most pleased with you.
You visited 1 branch of the dungeon, and saw 2 of its levels.
You visited the Abyss 1 time.

You collected 85 gold pieces.

Inventory:

Hand Weapons
 a - a +1 short sword (weapon)
Armour
 b - a +0 leather armour (worn)
Jewellery
 f - a +6 ring of strength (left hand)
 h - a +4 ring of protection
Scrolls
 c - a scroll of immolation {unknown}
 d - 3 scrolls of identify {unknown}
 i - a scroll of brand weapon {unknown}
Potions
 e - a potion of ambrosia {unknown}
 g - a potion of invisibility {unknown}


   Skills:
 - Level 2.6 Fighting
 * Level 2.9 Short Blades
 * Level 1.5 Armour
 - Level 2.1 Dodging
 * Level 2.3 Stealth
 - Level 1.5 Invocations


You had 2 spell levels left.
You didn't know any spells.
Your spell library was empty.

Dungeon Overview and Level Annotations

Branches:
Dungeon (2/15)

Altars:


Innate Abilities, Weirdness & Mutations

You do not regenerate when monsters are visible.
You are frail without blood (-20% HP).
You can heal yourself when you bite living creatures.
You are immune to poison.
You have razor-sharp teeth.
You have supernaturally acute eyesight. (SInv)
You are afflicted with vampirism and can become a bat while bloodless.


Message History

You kill the orc!
Lugonu accepts your kill.
Things that are here:
a +0 flail of draining; an orc corpse You now have 85 gold pieces (gained 18).
Found a robe.
Found a chain mail. 3 gnolls come into view.
There are monsters nearby!
The gnoll shouts! x3
The gnoll closely misses you.
You hit the gnoll. Your punch misses the gnoll.
You bite the gnoll, but do no damage.
The gnoll is lightly wounded.
The gnoll closely misses you.
You hit the gnoll but do no damage.
The gnoll is lightly wounded.
The gnoll closely misses you.
You hit the gnoll.
The gnoll is moderately wounded.
The gnoll hits you with a +0 spear.
You hit the gnoll but do no damage.
The gnoll is moderately wounded.
The gnoll misses you.
You closely miss the gnoll. You bite the gnoll!
You draw the gnoll's blood!
You feel better.
The gnoll is severely wounded.
The gnoll hits you with a +0 spear.
You hit the gnoll but do no damage.
The gnoll is severely wounded.
The gnoll hits you with a +0 spear.
You barely miss the gnoll.
The gnoll is severely wounded.
The gnoll hits you with a +0 spear!
You closely miss the gnoll.
The gnoll is severely wounded.
The gnoll hits you with a +0 spear.
* * * LOW HITPOINT WARNING * * *
The gnoll attacks as you move away! The gnoll hits you with a +0 spear.
You die...

..###...#.##.# ..#
#...#.##.# ..#
##.##.##(#
[.####.##....#
..#..........#
.............#
.......####..#####
....#### #......#
..### #.####@# ..#
#.# #g# #.# ##.#
#g# ### #<.# #g#
#### #.# #.. ###


You could see 3 gnolls.

Vanquished Creatures
  An orc (D:2)
  3 endoplasms (D:1)
  2 giant cockroaches (D:1)
  3 hobgoblins (D:1)
  3 jackals (D:1)
  3 quokkas
  2 ball pythons (D:1)
  4 bats (D:1)
  4 frilled lizards
  2 goblins (D:1)
  A kobold (D:2)
  2 rats (D:2)
30 creatures vanquished.

Notes
Turn   | Place    | Note
-------+----------+-------------------------------------------
     0 | Abyss:1  | greasedhog the Vampire Abyssal Knight began the quest for
                  | the Orb.
     0 | Abyss:1  | Reached XP level 1. HP: 17/17 MP: 2/2
     1 | D:1      | Escaped the Abyss
   160 | D:1      | Reached skill level 1 in Armour
   160 | D:1      | Reached skill level 1 in Stealth
   364 | D:1      | Reached XP level 2. HP: 23/23 MP: 3/3
   627 | D:1      | Reached *** piety under Lugonu
  1032 | D:2      | Gained mutation: You are afflicted with vampirism and can
                  | become a bat while bloodless. [Vampire growth]
  1032 | D:2      | Reached XP level 3. HP: 28/28 MP: 4/4
  1205 | D:2      | Slain by a gnoll

Illustrated notes

Levels and vault maps discovered:
D:1:      co_arrival_random_square_maze, layout_loops_cross
D:2:      kennysheep_big_flooded_room, layout_loops_ring,
          nicolae_ecumenical_oubliette, kennysheep_donut

Skill      XL: |  1  2 |
---------------+-------+-----
Armour         | 1 |  1.5
Stealth        | 1 2 |  2.3
Fighting       | |  2.6
Short Blades   | |  2.9
Dodging        | |  2.1
Invocations    | |  1.5

Action                   || total
-------------------------++-------
Melee: Short sword       ||    99
       Bite              ||     8
 Abil: Exsanguinate      ||     1
 Stab: Sleeping          ||     4
Armor: Leather armour    ||    29
Dodge: Dodged            ||    67
